NCAA
TENNESSEE VOLUNTEERS @ KANSAS JAYHAWKS
05/16/2024
 
TOP OF THE 1ST
Tennessee Volunteers batting - Pitching for Kansas Jayhawks : RHP Bill Wallace
Pitching: RHP Bill Wallace
Batting: LHB Arnold Stewart 0-0: Ball
1-0: Bunted foul
1-1: Ball
2-1: Reached on error, E1 (Groundball, 13)
Batting: SHB Scott Cox 0-0: Ground out 4-3 (Groundball, 4)
Arnold Stewart to third
Batting: RHB Aaron Washington 0-0: Ball
1-0: Swinging Strike
1-1: 2-RUN HOME RUN (Flyball, 7LD), Distance : 340 ft
Batting: RHB Tanner Albert 0-0: Swinging Strike
0-1: Fly out, F9 (Line Drive, 9M)
Batting: RHB Ken Sánchez 0-0: Ball
1-0: Ball
2-0: Ball
3-0: Base on Balls
Batting: RHB Robert Stevens 0-0: Ball
1-0: Ball
Ken Sánchez steals 2nd base
2-0: Foul Ball, location: 2F
2-1: Ball
3-1: 2-RUN HOME RUN (Flyball, 78XD), Distance : 364 ft
Batting: RHB Juan Corvarubia 0-0: Ball
1-0: Ball
2-0: Ball
3-0: Called Strike
3-1: Fly out, F5 (Line Drive, 56)
Top of the 1st over - 4 run(s), 2 hit(s), 1 error(s), 0 left on base; Tennessee 4 - Kansas 0
BOTTOM OF THE 1ST
Kansas Jayhawks batting - Pitching for Tennessee Volunteers : RHP Chris Jennings
Pitching: RHP Chris Jennings
Batting: SHB Rudy Ryan 0-0: Ball
1-0: Foul Ball, location: 2F
1-1: Ball
2-1: Ball
3-1: Base on Balls
Batting: RHB Domingo Hernández 0-0: Ball
1-0: Ball
2-0: Ball
3-0: Swinging Strike
3-1: Fly out, F6 (Popup, 6MD)
Batting: LHB Greg Nelson 0-0: Called Strike
0-1: Fielders Choice at 2nd, U4 (Groundball, 4M)
Batting: LHB Robert Moore 0-0: Foul Ball, location: 2F
0-1: Swinging Strike
0-2: Strikes out looking
Bottom of the 1st over - 0 run(s), 0 hit(s), 0 error(s), 1 left on base; Tennessee 4 - Kansas 0
TOP OF THE 2ND
Tennessee Volunteers batting - Pitching for Kansas Jayhawks : RHP Bill Wallace
Batting: RHB Michael Sawyer 0-0: Ball
1-0: Called Strike
1-1: Swinging Strike
1-2: Strikes out swinging
Batting: RHB Kevin Manning 0-0: Called Strike
0-1: Ball
1-1: Ball
2-1: Ball
3-1: Swinging Strike
3-2: Foul Ball, location: 2F
3-2: Base on Balls
Batting: LHB Arnold Stewart 0-0: Ball
1-0: Fielders Choice at 2nd, 2-4 (Groundball, 2L)
Batting: SHB Scott Cox 0-0: Ball
1-0: Ball
2-0: Called Strike
2-1: Foul Ball, location: 2F
2-2: Fly out, F5 (Popup, 25F)
Top of the 2nd over - 0 run(s), 0 hit(s), 0 error(s), 1 left on base; Tennessee 4 - Kansas 0
BOTTOM OF THE 2ND
Kansas Jayhawks batting - Pitching for Tennessee Volunteers : RHP Chris Jennings
Batting: LHB Juan Mendoza 0-0: Called Strike
0-1: Ball
1-1: Ball
2-1: Ground out 1-3 (Groundball, 13)
Batting: RHB Ken Longoria 0-0: Ball
1-0: Called Strike
1-1: Called Strike
1-2: TRIPLE (Groundball, 5L)
Batting: RHB David Milligan 0-0: Called Strike
0-1: Ball
1-1: Foul Ball, location: 2F
1-2: Ball
2-2: Fly out, F4 (Line Drive, 4M)
Batting: RHB Henry Morris 0-0: Ball
1-0: Ball
2-0: SINGLE (Groundball, 56D)
Ken Longoria scores
Batting: LHB John Christopher 0-0: Ball
Henry Morris steals 2nd base
1-0: Fly out, F5 (Popup, 56S)
Bottom of the 2nd over - 1 run(s), 2 hit(s), 0 error(s), 1 left on base; Tennessee 4 - Kansas 1
TOP OF THE 3RD
Tennessee Volunteers batting - Pitching for Kansas Jayhawks : RHP Bill Wallace
Batting: RHB Aaron Washington 0-0: Foul Ball, location: 2F
0-1: Ground out 1-3 (Groundball, 15S)
Batting: RHB Tanner Albert 0-0: Called Strike
0-1: Ball
1-1: Ball
2-1: Ball
3-1: Base on Balls
Batting: RHB Ken Sánchez 0-0: Ball
1-0: Foul Ball, location: 2F
1-1: Fly out, F3 (Popup, 34)
Batting: RHB Robert Stevens 0-0: Swinging Strike
0-1: Called Strike
0-2: Strikes out swinging
Top of the 3rd over - 0 run(s), 0 hit(s), 0 error(s), 1 left on base; Tennessee 4 - Kansas 1
BOTTOM OF THE 3RD
Kansas Jayhawks batting - Pitching for Tennessee Volunteers : RHP Chris Jennings
Batting: SHB Rudy Ryan 0-0: Fly out, F5 (Popup, 5L)
Batting: RHB Domingo Hernández 0-0: Called Strike
0-1: Swinging Strike
0-2: Ground out 5-3 (Groundball, 5S)
Batting: LHB Greg Nelson 0-0: Fly out, F8 (Flyball, 8LXD)
Bottom of the 3rd over - 0 run(s), 0 hit(s), 0 error(s), 0 left on base; Tennessee 4 - Kansas 1
TOP OF THE 4TH
Tennessee Volunteers batting - Pitching for Kansas Jayhawks : RHP Bill Wallace
Batting: RHB Juan Corvarubia 0-0: Ball
1-0: Ball
2-0: Ball
3-0: Called Strike
3-1: Foul Ball, location: 2F
3-2: Foul Ball, location: 2F
3-2: Base on Balls
Batting: RHB Michael Sawyer 0-0: Fly out, F8 (Flyball, 8RM)
Batting: RHB Kevin Manning 0-0: Foul Ball, location: 2F
0-1: Called Strike
0-2: Strikes out looking
Batting: LHB Arnold Stewart 0-0: Ball
1-0: Ball
2-0: Ball
3-0: Base on Balls
Juan Corvarubia to second
Batting: SHB Scott Cox 0-0: Ball
1-0: Ball
2-0: Ball
3-0: Base on Balls
Juan Corvarubia to third
Arnold Stewart to second
Batting: RHB Aaron Washington 0-0: Ball
1-0: Ball
2-0: Foul Ball, location: 2F
2-1: Foul Ball, location: 2F
2-2: Foul Ball, location: 2F
2-2: Strikes out looking
Top of the 4th over - 0 run(s), 0 hit(s), 0 error(s), 3 left on base; Tennessee 4 - Kansas 1
BOTTOM OF THE 4TH
Kansas Jayhawks batting - Pitching for Tennessee Volunteers : RHP Chris Jennings
Batting: LHB Robert Moore 0-0: Ball
1-0: Foul Ball, location: 2F
1-1: Ball
2-1: Ball
3-1: Ground out 3-1 (Groundball, 34)
Batting: LHB Juan Mendoza 0-0: Called Strike
0-1: Ball
1-1: Fly out, F9 (Flyball, 89M)
Batting: RHB Ken Longoria 0-0: Ball
1-0: Ball
2-0: Ball
3-0: Base on Balls
Batting: RHB David Milligan 0-0: Ball
1-0: Ball
2-0: Ball
3-0: Called Strike
3-1: Fly out, F7 (Flyball, 78M)
Bottom of the 4th over - 0 run(s), 0 hit(s), 0 error(s), 1 left on base; Tennessee 4 - Kansas 1
TOP OF THE 5TH
Tennessee Volunteers batting - Pitching for Kansas Jayhawks : RHP Bill Wallace
Pitching: RHP Glen Miller
Batting: RHB Tanner Albert 0-0: Ball
1-0: Ground out 6-3 (Groundball, 6)
Batting: RHB Ken Sánchez 0-0: Ball
1-0: SINGLE (Flyball, 7LS)
Batting: RHB Robert Stevens 0-0: Ball
1-0: Ball
2-0: SINGLE (Groundball, 56D)
Ken Sánchez to second
Batting: RHB Juan Corvarubia 0-0: Ball
1-0: Ball
Ken Sánchez steals 3rd base
Robert Stevens to second
2-0: Intentional Walk
Batting: RHB Michael Sawyer 0-0: Called Strike
0-1: Ball
1-1: Ball
2-1: Foul Ball, location: 2F
2-2: Ball
3-2: Strikes out swinging
Batting: RHB Kevin Manning 0-0: Ball
1-0: Ball
2-0: Called Strike
2-1: Ball
3-1: Called Strike
3-2: Foul Ball, location: 2F
3-2: Base on Balls
Ken Sánchez scores
Robert Stevens to third
Juan Corvarubia to second
Batting: LHB Arnold Stewart 0-0: Ground out 4-3 (Groundball, 34)
Top of the 5th over - 1 run(s), 2 hit(s), 0 error(s), 3 left on base; Tennessee 5 - Kansas 1
BOTTOM OF THE 5TH
Kansas Jayhawks batting - Pitching for Tennessee Volunteers : RHP Chris Jennings
Batting: RHB Henry Morris 0-0: Ball
1-0: Called Strike
1-1: Swinging Strike
1-2: Strikes out swinging
Batting: LHB John Christopher 0-0: Called Strike
0-1: Ball
1-1: Foul Ball, location: 2F
1-2: Ball
2-2: Strikes out swinging
Batting: SHB Rudy Ryan 0-0: Foul Ball, location: 2F
0-1: Swinging Strike
0-2: Ball
1-2: Strikes out looking
Bottom of the 5th over - 0 run(s), 0 hit(s), 0 error(s), 0 left on base; Tennessee 5 - Kansas 1
TOP OF THE 6TH
Tennessee Volunteers batting - Pitching for Kansas Jayhawks : RHP Glen Miller
Batting: SHB Scott Cox 0-0: Ball
1-0: Foul Ball, location: 2F
1-1: Ground out U3 (Groundball, 3)
Batting: RHB Aaron Washington 0-0: Fly out, F9 (Flyball, 89D)
Batting: RHB Tanner Albert 0-0: Called Strike
0-1: Ball
1-1: Foul Ball, location: 2F
1-2: Ground out 4-3 (Groundball, 4M)
Top of the 6th over - 0 run(s), 0 hit(s), 0 error(s), 0 left on base; Tennessee 5 - Kansas 1
BOTTOM OF THE 6TH
Kansas Jayhawks batting - Pitching for Tennessee Volunteers : RHP Chris Jennings
Batting: RHB Domingo Hernández 0-0: Ball
1-0: Ball
2-0: Ball
3-0: Called Strike
3-1: Swinging Strike
3-2: Foul Ball, location: 2F
3-2: Base on Balls
Pitching: LHP John Brown
Batting: LHB Greg Nelson 0-0: Foul Ball, location: 2F
0-1: Foul Ball, location: 2F
0-2: Foul Ball, location: 2F
0-2: Fly out, F3 (Line Drive, 3)
Batting: LHB Robert Moore 0-0: Ball
1-0: 2-RUN HOME RUN (Line Drive, 89XD), Distance : 372 ft
Batting: LHB Juan Mendoza 0-0: Swinging Strike
0-1: Foul Ball, location: 2F
0-2: Strikes out swinging
Batting: RHB Ken Longoria 0-0: Ball
1-0: SINGLE (Line Drive, 7LS)
Batting: RHB David Milligan 0-0: Called Strike
0-1: Fielders Choice at 2nd, 5-4 (Groundball, 56)
Bottom of the 6th over - 2 run(s), 2 hit(s), 0 error(s), 0 left on base; Tennessee 5 - Kansas 3
TOP OF THE 7TH
Tennessee Volunteers batting - Pitching for Kansas Jayhawks : RHP Glen Miller
Pitching: RHP Kevin Lyon
Batting: RHB Ken Sánchez 0-0: Called Strike
0-1: Swinging Strike
0-2: Ground out 5-3 (Groundball, 5)
Batting: RHB Robert Stevens 0-0: Called Strike
0-1: Swinging Strike
0-2: Ball
1-2: Foul Ball, location: 2F
1-2: Strikes out looking
Batting: RHB Juan Corvarubia 0-0: Ball
1-0: Foul Ball, location: 2F
1-1: SINGLE (Line Drive, 6MD)
Batting: RHB Michael Sawyer 0-0: Foul Ball, location: 2F
0-1: Ground out 6-3 (Groundball, 6)
Top of the 7th over - 0 run(s), 1 hit(s), 0 error(s), 1 left on base; Tennessee 5 - Kansas 3
BOTTOM OF THE 7TH
Kansas Jayhawks batting - Pitching for Tennessee Volunteers : LHP John Brown
Batting: RHB Henry Morris 0-0: Swinging Strike
0-1: SINGLE (Groundball, 6)
Batting: LHB John Christopher 0-0: Foul Ball, location: 2F
0-1: Foul Ball, location: 2F
0-2: Foul Ball, location: 2F
0-2: SINGLE (Groundball, 25) (infield hit)
Henry Morris to second
Batting: SHB Rudy Ryan 0-0: Ball
1-0: Sac Bunt - play at first, batter safe!
Henry Morris to third
John Christopher to second
Batting: RHB Domingo Hernández 0-0: Called Strike
0-1: Ball
1-1: Foul Ball, location: 2F
1-2: Ball
2-2: Ball
3-2: Grounds into fielders choice 5-2 (Groundball, 5)
John Christopher to third
Rudy Ryan to second
Batting: LHB Greg Nelson 0-0: Ball
1-0: Foul Ball, location: 2F
1-1: Ball
2-1: Foul Ball, location: 2F
2-2: Foul Ball, location: 2F
2-2: Foul Ball, location: 2F
2-2: Fly out, F5 (Popup, 5SF)
Batting: LHB Robert Moore 0-0: Ball
Wild Pitch!
John Christopher scores
Rudy Ryan to third
Domingo Hernández to second
1-0: Ball
2-0: Foul Ball, location: 2F
2-1: SINGLE (Line Drive, 89S)
Rudy Ryan scores
Domingo Hernández to third
Runner from 3rd tries for Home, SAFE, no throw or cutoff
Pitching: LHP Mike Moore
Batting: LHB Juan Mendoza 0-0: Ball
1-0: Ball
2-0: SINGLE (Line Drive, 8RS)
Robert Moore to second
Batting: RHB Ken Longoria 0-0: Ball
1-0: Fly out, F9 (Flyball, 9M)
Bottom of the 7th over - 3 run(s), 5 hit(s), 0 error(s), 2 left on base; Tennessee 5 - Kansas 6
TOP OF THE 8TH
Tennessee Volunteers batting - Pitching for Kansas Jayhawks : RHP Kevin Lyon
Pitching: LHP Jake Long
Now in LF: Kyle Baylor
Batting: RHB Kevin Manning 0-0: Ball
1-0: Ball
2-0: Ball
3-0: Base on Balls
Batting: LHB Arnold Stewart 0-0: Bunted foul
0-1: Bunt missed!
0-2: Strikes out swinging
Batting: SHB Scott Cox 0-0: Called Strike
0-1: Swinging Strike
0-2: Grounds into double play, 6-4-3 (Groundball, 6)
Top of the 8th over - 0 run(s), 0 hit(s), 0 error(s), 0 left on base; Tennessee 5 - Kansas 6
BOTTOM OF THE 8TH
Kansas Jayhawks batting - Pitching for Tennessee Volunteers : LHP Mike Moore
Batting: RHB David Milligan 0-0: Foul Ball, location: 2F
0-1: Ball
1-1: Ball
2-1: Called Strike
2-2: Strikes out swinging
Batting: RHB Henry Morris 0-0: Called Strike
0-1: Ball
1-1: Ball
2-1: Called Strike
2-2: Ball
3-2: Foul Ball, location: 2F
3-2: Base on Balls
Batting: LHB John Christopher 0-0: Ball
1-0: Called Strike
1-1: Swinging Strike
1-2: Strikes out swinging
Henry Morris steals 2nd base
Batter strikes out.
Batting: SHB Rudy Ryan 0-0: Ground out 6-3 (Groundball, 6)
Bottom of the 8th over - 0 run(s), 0 hit(s), 0 error(s), 1 left on base; Tennessee 5 - Kansas 6
TOP OF THE 9TH
Tennessee Volunteers batting - Pitching for Kansas Jayhawks : LHP Jake Long
Pitching: RHP William Houston
Now at 2B: Nicholas Harris
Batting: RHB Aaron Washington 0-0: Ball
1-0: Ball
2-0: SINGLE (Line Drive, 7LS)
Batting: RHB Tanner Albert 0-0: Called Strike
0-1: Called Strike
0-2: Ball
1-2: Ball
2-2: Ball
3-2: Base on Balls
Aaron Washington to second
Batting: RHB Ken Sánchez 0-0: Called Strike
0-1: Foul Ball, location: 2F
0-2: Ball
1-2: Ball
2-2: Fielders Choice at 2nd, 5-4 (Groundball, 5)
Aaron Washington to third
Batting: RHB Robert Stevens 0-0: Called Strike
0-1: Ball
1-1: Fly out, F6 (Popup, 6MD)
Batting: RHB Juan Corvarubia 0-0: Ball
1-0: Called Strike
1-1: Fly out, F4 (Line Drive, 4M)
Top of the 9th over - 0 run(s), 1 hit(s), 0 error(s), 2 left on base; Tennessee 5 - Kansas 6
This league is powered by Out of the Park Baseball, the baseball management simulation game for PC, Mac and Linux
Saturday, April 9th, 2016 - OOTP Baseball 16.8 Build 38